 Dungeon Crawl Stone Soup version 0.30-b1-2-g02819fbbbe (webtiles) character file.

Game seed: 986398137489227983

5044 Dirian the Cleaver (level 10, -5/90 HPs)
             Began as a Minotaur Berserker on May 19, 2023.
             Was a High Priest of Trog.
             Slain by Psyche
             ... wielding a +2 dagger of distortion
              (7 damage)
             ... on level 8 of the Dungeon.
             The game lasted 00:10:05 (7252 turns).

Dirian the Cleaver (Minotaur Berserker)             Turns: 7252, Time: 00:10:06

Health: -5/90      AC: 10    Str: 26    XL:     10   Next: 30%
Magic:  9/9        EV: 18    Int:  4    God:    Trog [*****.]
Gold:   424        SH:  0    Dex: 10    Spells: 9/9 levels left

rFire   + + .        a - melded +1 war axe
rCold   + + .        (shield currently unavailable)
rNeg    + + +        b - melded +0 chain mail
rPois   ∞            (helmet currently unavailable)
rElec   +            l - melded +0 cloak
rCorr   +            H - melded +1 pair of gloves
SInv    .            o - melded +0 pair of boots
Will    .....        (amulet currently unavailable)
Stlth   +            c - melded ring of positive energy
HPRegen 0.35/turn    n - melded +5 ring of evasion
MPRegen 0.11/turn

%: no passive effects
@: wisp-form (expiring), on berserk cooldown, flying, slowed, very slow
A: insubstantial, flying, no casting, tiny, (horns 2), (retaliatory headbutt)
a: Renounce Religion, Berserk, Trog's Hand, Brothers in Arms


You were on level 8 of the Dungeon.
You worshipped Trog.
Trog was extremely pleased with you.
You were an insubstantial wisp.
You visited 1 branch of the dungeon, and saw 8 of its levels.

You collected 424 gold pieces.

Inventory:

Hand Weapons
 a - a +1 war axe (melded)
 u - a +0 morningstar
Missiles
 v - 4 javelins
Armour
 b - a +0 chain mail (melded)
 l - a +0 cloak (melded)
 o - a +0 pair of boots (melded)
 H - a +1 pair of gloves (melded)
Jewellery
 c - a ring of positive energy (melded)
 f - a ring of see invisible
 n - a +5 ring of evasion (melded)
Wands
 g - a wand of mindburst (8)
 m - a wand of flame (33)
 G - a wand of roots (7)
Scrolls
 e - a scroll of poison
 p - 2 scrolls of enchant armour
 t - 3 scrolls of teleportation
 z - a scroll of blinking
Potions
 d - 3 potions of might
 h - a potion of cancellation {unknown}
 i - a potion of attraction
 q - 2 potions of curing
 s - a potion of ambrosia
 w - 4 potions of heal wounds
 x - 2 potions of degeneration {unknown}
 A - a potion of resistance {unknown}
 E - a potion of haste {unknown}
 F - a potion of magic {unknown}


   Skills:
 + Level 8.7 Fighting
 + Level 13.0 Axes
 + Level 10.8 Armour
 - Level 2.1 Dodging
 + Level 0.9 Evocations


You had 9 spell levels left.
You didn't know any spells.
Your spell library was empty.

Dungeon Overview and Level Annotations

Branches:
Dungeon (8/15) Zot: 26662  Temple (0/1) D:4
   Lair: D:8-11

Altars:
Cheibriados
Dithmenos
Makhleb
Ru
Sif Muna
Trog
Wu Jian
Xom

Shops:
D:7 ****

Annotations:
D:8 Psyche


Innate Abilities, Weirdness & Mutations

You are an insubstantial wisp.
Your tiny insubstantial body is highly resistant to most damage types.
You are flying.
Your equipment is entirely melded.
You are incapable of wielding weapons or throwing items.
You cannot cast spells.
((You have a pair of horns on your head.))
((You reflexively headbutt those who attack you in melee.))


Message History

You feel yourself slow down. Psyche attacks as you move away!
Psyche closely misses you.
Psyche mumbles some strange words.
Psyche flickers and vanishes!
Deactivating autopickup; reactivate with Ctrl-A.
You touch something but do no damage.
Something hits you. Space warps around you.
You touch something!
Something hits you. Space warps horribly around you!!
You hear some strange, mumbled words.
Something barely misses you. Something hits you but does no damage.
Something hits you but does no damage. Space warps around you.
Something hits you. Space warps horribly around you!
Something hits you but does no damage. Something hits you but does no damage.
Space warps horribly around you! Something hits you. Space warps around you.
* * * LOW HITPOINT WARNING * * *
Something hits you but does no damage. Space warps around you.
* * * LOW HITPOINT WARNING * * *
Something closely misses you. Something hits you but does no damage.
Space warps around you.
* * * LOW HITPOINT WARNING * * *
Your transformation is almost over.
Something barely misses you.
You hear some strange, mumbled words.
A swirling arc of seething chaos appears!
An arc of chaos appears from out of thin air!
The arc of chaos hits you but does no damage.
You resist. Something hits you.
* * * LOW HITPOINT WARNING * * *
Space warps around you.
* * * LOW HITPOINT WARNING * * *
Something hits you but does no damage. Space warps around you.
* * * LOW HITPOINT WARNING * * *
Something hits you.
* * * LOW HITPOINT WARNING * * *
Space warps horribly around you!
* * * LOW HITPOINT WARNING * * *
Something hits you but does no damage. Space warps horribly around you!
You die...

.##......†.##....+ )♣♣♣♣
...........#<....# .....♣ ♣...
...........#...#.# ......♣ ♣....
.................# ≈...... ...:.
#.#..............##≈≈..... .....
#....##......##...##≈≈.... ....≈
#....##......##..####≈≈...♣♣...≈≈
#..#.....#######.##. #≈≈......≈≈#
#..#...?.# ##v.#.###≈≈≈..≈≈≈##
#..#...§.## ##.....######''####.
...#._§§..#.##..####.###.........
#............)........#..........
......#.....#............)
.....####...#............. .....
###..............>. ....
#..).......###?#.## ...
##.##......###....$


There were no monsters in sight!

Vanquished Creatures
  Erica (D:8)
  Pikel (D:5)
  Maggie (D:7)
  A wyvern (D:5)
  A steam dragon (D:6)
  4 water moccasins
  Duvessa (D:5)
  An orc warrior (D:7)
  An ice beast (D:6)
  2 black bears
  2 ogres
  2 centaurs
  3 bullfrogs
  4 scorpions
  Dowan (D:5)
  10 killer bees
  2 electric eels (D:7)
  5 howler monkeys
  A crimson imp (D:4)
  5 hounds
  A jelly (D:5)
  5 orc priests
  Jessica (D:2)
  12 orc wizards
  19 gnolls
  11 adders
  3 white imps
  An ufetubus (D:5)
  A dart slug (D:3)
  A worm (D:4)
  26 orcs
  5 ball pythons
  8 bats
  6 endoplasms
  5 giant cockroaches
  A goblin (D:3)
  4 hobgoblins
  5 jackals
  5 quokkas
  3 frilled lizards
  8 kobolds
  6 rats
186 creatures vanquished.

Vanquished Creatures (others)
  2 fungi (D:4)
2 creatures vanquished.

Grand Total: 188 creatures vanquished

Notes
Turn   | Place    | Note
-------+----------+-------------------------------------------
     0 | D:1      | Dirian the Minotaur Berserker began the quest for the Orb.
     0 | D:1      | Reached XP level 1. HP: 19/19 MP: 0/0
   130 | D:1      | Reached skill level 4 in Axes
   130 | D:1      | Reached XP level 2. HP: 23/27 MP: 1/1
   431 | D:1      | Reached XP level 3. HP: 22/30 MP: 2/2
   682 | D:2      | Reached ** piety under Trog
   730 | D:2      | Reached XP level 4. HP: 37/41 MP: 3/3
   776 | D:2      | Noticed Jessica
   781 | D:2      | Killed Jessica
   865 | D:2      | Reached skill level 5 in Axes
  1018 | D:2      | Reached XP level 5. HP: 47/47 MP: 4/4
  1057 | D:2      | Reached skill level 5 in Fighting
  2315 | D:3      | Reached *** piety under Trog
  2488 | D:4      | Found an ornate altar of the Wu Jian Council.
  2503 | D:4      | Reached skill level 6 in Axes
  2503 | D:4      | Reached XP level 6. HP: 55/56 MP: 5/5
  2557 | D:4      | Found a shimmering altar of Xom.
  2557 | D:4      | Found a burning altar of Makhleb.
  2561 | D:4      | Reached skill level 5 in Armour
  2735 | D:4      | Found a staircase to the Ecumenical Temple.
  3109 | D:4      | Reached XP level 7. HP: 45/61 MP: 6/6
  3133 | D:4      | Reached skill level 7 in Axes
  3847 | D:5      | Entered Level 5 of the Dungeon
  3897 | D:5      | Noticed a wyvern
  3903 | D:5      | Killed a wyvern
  3904 | D:5      | Reached skill level 8 in Axes
  3904 | D:5      | Reached XP level 8. HP: 55/70 MP: 7/7
  4034 | D:5      | Found a sacrificial altar of Ru.
  4135 | D:5      | Reached skill level 9 in Axes
  4157 | D:5      | Reached **** piety under Trog
  4276 | D:5      | Noticed Pikel
  4284 | D:5      | Killed Pikel
  4285 | D:5      | Reached skill level 10 in Axes
  4416 | D:5      | Found a shimmering blue altar of Sif Muna.
  4536 | D:5      | Noticed Dowan
  4537 | D:5      | Noticed Duvessa
  4551 | D:5      | Killed Duvessa
  4552 | D:5      | Reached XP level 9. HP: 78/78 MP: 8/8
  4559 | D:5      | Killed Dowan
  5390 | D:6      | Reached skill level 11 in Axes
  5498 | D:6      | Found a bloodstained altar of Trog.
  5631 | D:7      | Found Wocleu's Assorted Antiques.
  5814 | D:7      | Found Maephamm's Assorted Antiques.
  5824 | D:7      | Reached skill level 10 in Armour
  5868 | D:7      | Noticed Maggie
  5887 | D:7      | HP: 4/80 [constriction (2)]
  5888 | D:7      | Killed Maggie
  5889 | D:7      | Reached skill level 12 in Axes
  6099 | D:7      | Found Zulu's General Store.
  6147 | D:7      | Found Biadd's Assorted Antiques.
  6184 | D:7      | Found a snail-covered altar of Cheibriados.
  6235 | D:7      | Found Bimpi's General Store.
  6243 | D:7      | Reached XP level 10. HP: 88/88 MP: 9/9
  6940 | D:8      | Noticed Erica
  6965 | D:8      | Killed Erica
  7155 | D:8      | Found a shadowy altar of Dithmenos.
  7185 | D:8      | Reached ***** piety under Trog
  7186 | D:8      | Reached skill level 13 in Axes
  7225 | D:8      | Noticed Psyche
  7252 | D:8      | HP: 2/90 [something (7)]
  7252 | D:8      | Slain by Psyche

Illustrated notes

Levels and vault maps discovered:
D:1:      onia_arrival_pyramid, layout_basic
D:2:      layout_loops_ring, uniq_jessica
D:3:      minmay_inner_zag, layout_loops_ring
D:4:      wander_river, layout_cave_pods,
          grunt_temple_overflow_champion_of_chaos, lemuel_tele_altar,
          minmay_temple_entry_poolview, dreamdust_gnoll_farm
D:5:      layout_basic, lemuel_round_altar, old_standard_altar, uniq_duvessa,
          uniq_pikel
D:6:      layout_basic, trog_book, serial_rivers,
          chequers_serial_rivers_micro_e, chequers_serial_rivers_micro_c,
          chequers_serial_rivers_small_b, chequers_serial_rivers_small_3,
          moated_statue, kennysheep_generic_room_3
D:7:      layout_layer_cave, mainiacjoe_overflow_24_doors, serial_shops,
          nicolae_inconvenience_store, shop_statue, shop, shop,
          kennysheep_little_box, uniq_maggie
D:8:      layout_cave_pools, grunt_dithmenos_smoke, tso_oasis_becter,
          general_overflow_altar, kennysheep_cross_room, minivault_22,
          kennysheep_generic_room_14, uniq_psyche, uniq_erica

Skill      XL: |  1  2  3  4  5  6  7  8  9 10 |
---------------+-------------------------------+-----
Axes           | 4 5 6 8 10 12 13 | 13.0
Fighting       | 4 5 6 8 |  8.7
Armour         | 3 4 5 7 8 10 | 10.8
Dodging        | |  2.1
Evocations     | |  0.9

Action                     |  1- 3 |  4- 6 |  7- 9 | 10-12 || total
---------------------------+-------+-------+-------+-------++-------
  Melee: Hand axe          |    52 |   133 |   199 |       ||   384
         Headbutt          |     5 |    23 |    43 |     6 ||    77
         Punch             |       |     1 |     3 |     1 ||     5
         War axe           |       |       |    67 |    40 ||   107
         Unarmed           |       |       |       |     6 ||     6
 Invoke: Berserk           |       |     1 |     4 |     1 ||     6
  Evoke: Wand              |       |       |     4 |       ||     4
    Use: Potion            |       |       |     4 |       ||     4
         Scroll            |       |       |       |    14 ||    14
 Armour: Animal skin       |     5 |       |       |       ||     5
         Leather armour    |    10 |       |       |       ||    10
         Ring mail         |    10 |       |       |       ||    10
         Scale mail        |       |    67 |     8 |       ||    75
         Chain mail        |       |       |    84 |    42 ||   126
         Skin              |       |       |       |    10 ||    10
  Dodge: Dodged            |    45 |    71 |   176 |    67 ||   359
